 Dungeon Crawl Stone Soup version 0.29.0-4-gdea44cf6ec (webtiles) character file.

Game seed: 12210461593944705295

188738 qw the Warrior (level 17, -2/252 (258) HPs)
             Began as a Minotaur Berserker on Sept 9, 2022.
             Was an Elder of Trog.
             Slain by a wolf spider (10 damage)
             ... led by a jorogumo
             ... on level 1 of the Spider Nest.
             The game lasted 00:10:20 (32291 turns).

qw the Warrior (Minotaur Berserker)                Turns: 32291, Time: 00:10:21

HP:   -2/252 (258)  AC: 24    Str: 31 (33) XL:     17   Next: 92%
MP:   8/8           EV: 12    Int:  6 (7)  God:    Trog [****..]
Gold: 1710          SH: 12    Dex: 11      Spells: 16/16 levels left

rFire   + . .      SeeInvis +   y - +1 broad axe (antimagic)
rCold   . . .      Faith    .   w - +0 buckler
rNeg    . . .      Spirit   .   r - +3 chain mail {rF+}
rPois   +          Reflect  +   (helmet restricted)
rElec   .          Harm     .   u - +0 cloak
rCorr   .          Rampage  .   d - +2 pair of gloves
Will    ++...                   h - +0 pair of boots
Stlth   ..........              e - amulet of reflection
HPRegen 0.52/turn               A - ring of Munn {Will+ MP+9 Str+4 Int+3 SInv}
MPRegen 0.11/turn               s - ring of poison resistance

@: berserking, lethally poisoned (-2 -> -4), lightly drained, very quick
A: horns 2, retaliatory headbutt, screaming 1
a: Renounce Religion, Berserk, Trog's Hand, Brothers in Arms


You were on level 1 of the Spider Nest.
You worshipped Trog.
Trog was greatly pleased with you.
You visited 4 branches of the dungeon, and saw 23 of its levels.

You collected 2679 gold pieces.
You spent 969 gold pieces at shops.


Innate Abilities, Weirdness & Mutations

You have a pair of horns on your head.
You reflexively headbutt those who attack you in melee.
You occasionally shout uncontrollably at your foes.


   Skills:
 + Level 20.8 Fighting
 - Level 18.0 Axes
 - Level 6.2 Throwing
 - Level 17.0 Armour
 - Level 10.0 Dodging
 - Level 12.0 Shields


You had 16 spell levels left.
You didn't know any spells.
Your spell library was empty.

Inventory:

Hand Weapons
 g - a +0 demon whip of venom
 y - a +1 antimagic broad axe (weapon)
Missiles
 c - 7 boomerangs (quivered)
Armour
 d - a +2 pair of gloves (worn)
 h - a +0 pair of boots (worn)
 m - a +0 plate armour
 r - a +3 chain mail of fire resistance (worn)
 u - a +0 cloak (worn)
 w - a +0 buckler (worn)
Jewellery
 b - a ring of poison resistance
 e - an amulet of reflection (around neck)
 n - a ring of ice
 q - a ring of fire
 s - a ring of poison resistance (right hand)
 x - a +4 ring of protection
 A - the ring of Munn (left hand) {Will+ MP+9 Str+4 Int+3 SInv}
   (You found it on level 15 of the Dungeon)

   [ring of see invisible]

   Str:       It affects your strength (+4).
   Int:       It affects your intelligence (+3).
   MP:        It affects your magic capacity (+9).
   SInv:      It lets you see invisible.
   Will:      It increases your willpower.
 Y - a ring of protection from fire
Scrolls
 a - 13 scrolls of identify
 f - 7 scrolls of teleportation
Potions
 i - 3 potions of mutation
 j - a potion of resistance
 k - 4 potions of haste
 l - 16 potions of curing
 v - 11 potions of might

Dungeon Overview and Level Annotations

Branches:
Dungeon (15/15)            Temple (0/1) D:6            Lair (5/5) D:10
  Swamp (0/4) Lair:3       Spider (1/4) Lair:2        Slime (0/5) Lair:4
    Orc (2/2) D:9             Elf (0/3) Orc:2        Vaults (0/5) D:14
 Depths (0/4) D:15

Altars:
Cheibriados
Dithmenos
Elyvilon
Gozag
Hepliaklqana
Kikubaaqudgha
Makhleb
Nemelex Xobeh
Okawaru
Qazlal
Uskayaw
Vehumet
Wu Jian
Jiyva

Shops:
D:1 *   D:2 [   D:5 **   D:8 ??[[   Orc:2 *!*([

Portals:
Hell: Lair:5

Annotations:
D:7 3 runed translucent doors, qw's ghost, novice GrFi


Message History

You slice the wolf spider!!
You kill the wolf spider!
Trog accepts your kill.
You slash the wolf spider! x2; You slash the jorogumo!
The jorogumo's magic leaks into the air.
You feel yourself speed up.
You feel sick. You block the wolf spider's attack.
The wolf spider closely misses you.
The wolf spider hits you but does no damage.
The wolf spider barely misses you.
The jorogumo stares at you and mumbles some strange words.
The bolt of negative energy hits you!!
You feel drained.
You slice the wolf spider!!
The wolf spider is almost dead.
You barely miss the jorogumo. You slash the wolf spider!
The wolf spider hits you.
The wolf spider bites you but does no damage.
The wolf spider barely misses you.
The wolf spider bites you but does no damage.
You closely miss the wolf spider.
The wolf spider is almost dead.
You closely miss the jorogumo. You slash the wolf spider!
You feel sick.
The demonic crawler shrieks in warning!
The jorogumo hits you! The wolf spider hits you! The wolf spider bites you.
You hear a faint skittering sound.
You hear a chilling moan.
You hear a faint skittering sound.
You slash the wolf spider!
You kill the wolf spider!
Trog accepts your kill.
You barely miss the wolf spider. You slice the jorogumo!!
The jorogumo's magic leaks into the air.
You feel sick.
You slash the jorogumo!
The jorogumo's magic leaks into the air.
You headbutt the jorogumo!!
The jorogumo is almost dead.
You slash the wolf spider! The wolf spider hits you! The wolf spider bites you!
You die...

##.....###....# #
###..#....##
####.%........# .
.#.%.%##..##### ..
...%..#.....####
..#
....#####..###.###
s.## .####
#......#.# .....
##
#....###....#...#
###..# ###%@...#
#... ##Hs### ..#.
ss.# .^# # ss###
##. ... #.#. ###.
##


You could see a jorogumo (magic disrupted), a demonic crawler, a wolf spider, 2
culicivoras, a jumping spider and a redback.

Vanquished Creatures
  Rupert (Lair:4)
  Jorgrun (D:13)
  Gastronok (D:10)
  A ghost moth (Spider:1)
  Josephine (Orc:2)
  7 boulder beetles
  Fannar (D:10)
  Erolcha (D:11)
  2 vault guards (D:14)
  Harold (D:11)
  2 ice dragons (D:15)
  5 hydras
  A catoblepas (D:14)
  A death knight (D:15)
  2 two-headed ogres
  5 centaur warriors
  A radroach (Spider:1)
  6 death yaks (Lair:5)
  5 tengu warriors
  8 orc high priests (Orc:2)
  Sonja (D:10)
  Nergalle (Lair:1)
  A sun demon (Lair:5)
  Amaemon (Lair:3)
  A pharaoh ant (Spider:1)
  5 skeletal warriors (D:15)
  An orb spider (Spider:1)
  2 bog bodies (Lair:3)
  A wizard (Lair:5)
  A deep troll (Lair:4)
  An ugly thing (D:13)
  An orc knight (D:14)
  2 deep elf pyromancers
  5 cyclopes
  An orc sorcerer (D:14)
  4 wolf spiders (Spider:1)
  A necromancer (D:14)
  An oklob plant (D:12)
  A manticore (D:12)
  A spectral centaur (D:11)
  6 elephants (Lair:5)
  12 black mambas
  Joseph (D:10)
  Maurice (D:8)
  A centaur zombie (D:11)
  4 orange demons
  21 cane toads
  2 centaur skeletons (D:11)
  A smoke demon (Lair:5)
  Maggie (D:8)
  4 gargoyles
  A kobold demonologist (D:14)
  8 komodo dragons
  2 yaktaurs (D:14)
  3 unseen horrors
  6 rime drakes
  3 freezing wraiths (D:15)
  An efreet (D:13)
  2 ice devils (Lair:5)
  A tengu conjurer (D:14)
  A red devil (Lair:5)
  5 trolls
  3 tarantellas (Spider:1)
  8 polar bears
  15 blink frogs
  A tarantella (shapeshifter) (Lair:2)
  10 slime creatures
  2 hornets (D:12)
  7 dream sheep
  A jumping spider (Spider:1)
  4 culicivoras
  2 shadows
  6 wyverns
  5 wraiths
  55 yaks
  20 humans (D:14)
  2 vampires
  Grum (D:10)
  4 steam dragons
  4 basilisks
  5 vampire mosquitoes
  2 redbacks (Spider:1)
  2 acid dragons
  5 wargs
  Duvessa (D:7)
  4 hell hounds (Lair:5)
  22 water moccasins
  2 sky beasts
  3 ice beasts
  11 orc warriors
  A black bear (D:6)
  11 centaurs
  2 wolves (D:10)
  6 ogres
  3 kobold brigands
  A gnoll sergeant (D:11)
  7 bullfrogs
  3 scorpions
  3 necrophages
  13 wights
  Dowan (D:7)
  12 killer bees
  An oklob sapling (D:12)
  5 spriggan skeletons (D:10)
  A troll skeleton (D:10)
  2 howler monkeys
  A hound (D:7)
  4 jellies
  32 orc priests
  Ijyb (D:3)
  An iguana (D:6)
  13 orc wizards
  A boggart skeleton (D:11)
  8 gnolls
  20 adders
  2 shadow imps
  2 dart slugs (D:2)
  87 orcs
  3 endoplasms
  2 giant cockroaches (D:1)
  5 goblins
  9 hobgoblins
  8 jackals
  3 quokkas
  19 ball pythons
  7 bats
  2 frilled lizards (D:1)
  17 kobolds
  2 rats (D:3)
701 creatures vanquished.

Vanquished Creatures (collateral kills)
  3 hydras
  A steelbarb worm (Spider:1)
  An orb spider (Spider:1)
  A rime drake (Lair:3)
  A dream sheep (Lair:5)
  A blink frog (Lair:3)
  7 yaks
  2 orc priests (Orc:2)
  An orc (Orc:2)
  A butterfly (Lair:3)
19 creatures vanquished.

Vanquished Creatures (others)
  A bush (D:12)
  17 fungi
  69 plants
87 creatures vanquished.

Grand Total: 807 creatures vanquished

Notes
Turn   | Place    | Note
-------+----------+-------------------------------------------
     0 | D:1      | qw the Minotaur Berserker began the quest for the Orb.
     0 | D:1      | Reached XP level 1. HP: 19/19 MP: 0/0
     0 | D:1      | 0 ||| qw: Version: 0.1-a-113-g051387a
     0 | D:1      | 0 ||| qw: Game counter: 6962
     0 | D:1      | 0 ||| qw: Always use a shield: true
     0 | D:1      | 0 ||| qw: Do Orc after D:15 true
     0 | D:1      | 0 ||| qw: Do second Lair branch before Depths: true
     0 | D:1      | 0 ||| qw: Lair rune preference: random
     0 | D:1      | 0 ||| qw: Plans: Normal
     0 | D:1      | 0 ||| PLANNING D:1-11
    86 | D:1      | Found a faded altar of an unknown god.
    88 | D:1      | 88 ||| Stepping ~*~*~tactically~*~*~ (stealth).
    93 | D:1      | 93 ||| Stepping ~*~*~tactically~*~*~ (stealth).
    95 | D:1      | 95 ||| Stepping ~*~*~tactically~*~*~ (stealth).
   100 | D:1      | 100 ||| Stepping ~*~*~tactically~*~*~ (stealth).
   206 | D:1      | Reached XP level 2. HP: 26/26 MP: 1/1
   226 | D:1      | Found Sues's Assorted Antiques.
   237 | D:1      | 237 ||| BUYING lumpy sapphire potion (24 gold).
   237 | D:1      | Bought a lumpy sapphire potion for 24 gold pieces
   237 | D:1      | 237 ||| SHOPLISTING scroll labelled ANUIGA VUHAWK (27 gold,
                  | have 11).
   237 | D:1      | 237 ||| SHOPLISTING scroll labelled GUZAUPEAZO (27 gold,
                  | have 11).
   237 | D:1      | 237 ||| SHOPLISTING scroll labelled VANTUM ESOQAE (27 gold,
                  | have 11).
   237 | D:1      | 237 ||| SHOPLISTING scroll labelled YGUSOWUUFA (27 gold,
                  | have 11).
   341 | D:1      | 341 ||| INVOKING Berserk.
   750 | D:1      | Reached XP level 3. HP: 27/31 MP: 2/2
  1289 | D:1      | 1289 ||| UPGRADING to +0 ring mail.
  1299 | D:1      | 1299 ||| DROPPING +0 animal skin.
  1300 | D:1      | 1300 ||| UPGRADING to +0 chain mail.
  1310 | D:1      | 1310 ||| DROPPING +0 ring mail.
  1311 | D:1      | 1311 ||| UPGRADING to +0 plate armour.
  1321 | D:1      | 1321 ||| DROPPING +0 chain mail.
  1322 | D:1      | 1322 ||| READING scroll labelled UDUJEA ACSOAKK.
  1327 | D:1      | 1327 ||| READING scroll labelled ANKOTHR VAISUO.
  1328 | D:1      | 1328 ||| DRINKING 2 dark potions.
  1355 | D:1      | 1355 ||| DRINKING 2 ruby potions.
  1356 | D:1      | 1356 ||| DROPPING potion of lignification.
  1384 | D:2      | Found a white marble altar of Elyvilon.
  1384 | D:2      | Found the +4 robe of Augmentation {Str+4 Int+4 Dex+4}
  1406 | D:2      | Reached ** piety under Trog
  1413 | D:2      | 1413 ||| FLEEEEING.
  1414 | D:2      | 1414 ||| FLEEEEING.
  1415 | D:2      | 1415 ||| FLEEEEING.
  1416 | D:2      | 1416 ||| FLEEEEING.
  1420 | D:2      | 1420 ||| STAIRDANCE
  1453 | D:2      | 1453 ||| STAIRDANCE
  1502 | D:2      | 1502 ||| Stepping ~*~*~tactically~*~*~ (hiding).
  1805 | D:2      | Reached skill level 6 in Axes
  1805 | D:2      | Reached XP level 4. HP: 35/39 MP: 3/3
  1959 | D:2      | 1959 ||| Stepping ~*~*~tactically~*~*~ (hiding).
  2261 | D:2      | Found Teavarph's Armour Shop.
  2268 | D:2      | 2268 ||| SHOPLISTING +0 kite shield of resistance (441
                  | gold, have 99).
  2268 | D:2      | 2268 ||| SHOPLISTING +0 plate armour of Objectivity {Dex+5}
                  | (567 gold, have 99).
  2268 | D:2      | 2268 ||| SHOPLISTING +1 pair of gloves of infusion (231
                  | gold, have 99).
  2444 | D:2      | 2444 ||| UPGRADING to ring of poison resistance.
  2445 | D:2      | 2445 ||| READING scroll labelled WAUGIU HESHRIDA.
  2546 | D:2      | 2546 ||| READING scroll labelled GUZAUPEAZO.
  2547 | D:2      | 2547 ||| READING scroll labelled LITEIT QENTIHI.
  2548 | D:2      | 2548 ||| READING scroll labelled YBYBBU KUFYGO.
  2549 | D:2      | 2549 ||| DRINKING 3 fuming green potions.
  2550 | D:2      | 2550 ||| DROPPING 2 potions of invisibility.
  2618 | D:3      | 2618 ||| Stepping ~*~*~tactically~*~*~ (stealth).
  2916 | D:3      | 2916 ||| DROPPING +0 mace.
  3192 | D:3      | Found a sparkling altar of Nemelex Xobeh.
  3236 | D:3      | Noticed Ijyb
  3240 | D:3      | 3240 ||| INVOKING Berserk.
  3248 | D:3      | Killed Ijyb
  3249 | D:3      | Reached XP level 5. HP: 45/45 MP: 4/4
  3545 | D:3      | Found an iron altar of Okawaru.
  3664 | D:3      | 3664 ||| UPGRADING to +0 pair of gloves.
  3669 | D:3      | 3669 ||| UPGRADING to +0 pair of boots.
  3674 | D:3      | 3674 ||| UPGRADING to amulet of reflection.
  3679 | D:3      | 3679 ||| READING scroll labelled ANUIGA VUHAWK.
  3680 | D:3      | 3680 ||| READING 2 scrolls labelled HIR MEHIESERR.
  3681 | D:3      | 3681 ||| DRINKING 4 brown potions.
  3682 | D:3      | 3682 ||| DROPPING scroll of fear.
  3683 | D:3      | 3683 ||| DROPPING 3 potions of flight.
  3714 | D:4      | Noticed an ogre
  3718 | D:4      | 3718 ||| INVOKING Berserk.
  3721 | D:4      | Killed an ogre
  3725 | D:4      | 3725 ||| STAIRDANCE
  3925 | D:4      | 3925 ||| Stepping ~*~*~tactically~*~*~ (stealth).
  3927 | D:4      | 3927 ||| Stepping ~*~*~tactically~*~*~ (hiding).
  3931 | D:4      | 3931 ||| INVOKING Berserk.
  3934 | D:4      | Reached skill level 4 in Fighting
  3934 | D:4      | Reached XP level 6. HP: 52/52 MP: 5/5
  4008 | D:4      | 4008 ||| INVOKING Berserk.
  4140 | D:4      | 4140 ||| SWAPPING to +0 war axe.
  4141 | D:4      | 4141 ||| DROPPING +1 hand axe of freezing.
  4182 | D:4      | 4182 ||| Stepping ~*~*~tactically~*~*~ (stealth).
  4183 | D:4      | 4183 ||| INVOKING Berserk.
  4295 | D:4      | 4295 ||| DROPPING +0 flail.
  4309 | D:4      | Identified the +1 robe of Bright Contentment {Stlth+}
  4351 | D:4      | 4351 ||| READING scroll of enchant weapon.
  4351 | D:4      | 4351 ||| ENCHANTING +0 war axe.
  4595 | D:4      | 4595 ||| INVOKING Berserk.
  4810 | D:4      | 4810 ||| DROPPING ring of magical power.
  4811 | D:4      | 4811 ||| UPGRADING to ring of positive energy.
  4812 | D:4      | 4812 ||| READING scroll labelled VOTO IDEFINOO.
  4813 | D:4      | 4813 ||| DRINKING 2 lumpy pink potions.
  4814 | D:4      | 4814 ||| DRINKING 2 bubbling blue potions.
  4815 | D:4      | 4815 ||| DROPPING potion of brilliance.
  4841 | D:5      | Entered Level 5 of the Dungeon
  4864 | D:5      | Found Efaurphiut's Overcharged Wands.
  4873 | D:5      | 4873 ||| SHOPLISTING wand of digging (11) (693 gold, have
                  | 145).
  4886 | D:5      | Found Jyggynk's Assorted Antiques.
  4894 | D:5      | 4894 ||| SHOPLISTING 2 potions of curing (210 gold, have
                  | 173).
  4894 | D:5      | 4894 ||| BUYING potion of curing (105 gold).
  4894 | D:5      | Bought a potion of curing for 105 gold pieces
  4894 | D:5      | 4894 ||| BUYING scroll labelled WYD UWUEV CEP (35 gold).
  4894 | D:5      | Bought a scroll labelled WYD UWUEV CEP for 35 gold pieces
  4894 | D:5      | 4894 ||| SHOPLISTING scroll of identify (70 gold, have 33).
  4943 | D:5      | 4943 ||| READING scroll of enchant weapon.
  4943 | D:5      | 4943 ||| ENCHANTING +1 war axe.
  5029 | D:5      | 5029 ||| Stepping ~*~*~tactically~*~*~ (stealth).
  5083 | D:5      | Reached skill level 9 in Axes
  5083 | D:5      | Reached XP level 7. HP: 59/59 MP: 6/6
  5402 | D:5      | 5402 ||| READING scroll labelled WYD UWUEV CEP.
  5403 | D:5      | 5403 ||| READING scroll labelled OLUYCH PARI.
  5530 | D:5      | 5530 ||| READING 2 scrolls labelled GOTICV SAEHUHO.
  5531 | D:5      | 5531 ||| DRINKING 2 cyan potions.
  5532 | D:5      | 5532 ||| READING 2 scrolls of identify.
  5532 | D:5      | 5532 ||| IDENTIFYING lumpy sapphire potion
  5533 | D:5      | 5533 ||| DROPPING scroll of blinking.
  5636 | D:6      | Reached skill level 5 in Fighting
  5667 | D:6      | 5667 ||| INVOKING Berserk.
  5719 | D:6      | 5719 ||| Stepping ~*~*~tactically~*~*~ (stealth).
  5731 | D:6      | Found a staircase to the Ecumenical Temple.
  5734 | D:6      | 5734 ||| Stepping ~*~*~tactically~*~*~ (stealth).
  5915 | D:6      | Reached XP level 8. HP: 66/69 MP: 7/7
  5936 | D:6      | 5936 ||| Stepping ~*~*~tactically~*~*~ (stealth).
  6087 | D:6      | Found a radiant altar of Vehumet.
  6093 | D:6      | Reached skill level 6 in Fighting
  6093 | D:6      | Reached *** piety under Trog
  6290 | D:6      | 6290 ||| DRINKING 2 bubbling dark potions.
  6291 | D:6      | 6291 ||| DROPPING potion of degeneration.
  6332 | D:7      | 6332 ||| INVOKING Berserk.
  6343 | D:7      | 6343 ||| FLEEEEING.
  6344 | D:7      | 6344 ||| FLEEEEING.
  6345 | D:7      | 6345 ||| FLEEEEING.
  6346 | D:7      | 6346 ||| FLEEEEING.
  6347 | D:7      | 6347 ||| STAIRDANCE
  6476 | D:7      | 6476 ||| INVOKING Berserk.
  6478 | D:7      | 6478 ||| STAIRDANCE
  6628 | D:7      | 6628 ||| Stepping ~*~*~tactically~*~*~ (stealth).
  6630 | D:7      | 6630 ||| Stepping ~*~*~tactically~*~*~ (stealth).
  6649 | D:7      | 6649 ||| INVOKING Berserk.
  6652 | D:7      | Reached skill level 12 in Axes
  6875 | D:7      | Found a runed translucent gate.
  6877 | D:7      | Found a runed translucent gate.
  6877 | D:7      | Found an opulent altar of Gozag.
  6878 | D:7      | Found a runed translucent gate.
  6879 | D:7      | Noticed qw's ghost (novice GrFi)
  6879 | D:7      | Noticed a slime creature
  6894 | D:7      | 6894 ||| Stepping ~*~*~tactically~*~*~ (stealth).
  6895 | D:7      | 6895 ||| Stepping ~*~*~tactically~*~*~ (stealth).
  6905 | D:7      | Reached skill level 6 in Armour
  6905 | D:7      | Reached XP level 9. HP: 75/75 MP: 8/8
  6962 | D:7      | 6962 ||| Stepping ~*~*~tactically~*~*~ (stealth).
  6964 | D:7      | 6964 ||| Stepping ~*~*~tactically~*~*~ (stealth).
  7043 | D:7      | Reached skill level 7 in Fighting
  7055 | D:7      | 7055 ||| Stepping ~*~*~tactically~*~*~ (stealth).
  7074 | D:7      | 7074 ||| INVOKING Berserk.
  7260 | D:7      | Found an ancient bone altar of Kikubaaqudgha.
  7307 | D:7      | Found an ornate altar of the Wu Jian Council.
  7307 | D:7      | Found a hide-covered altar of Uskayaw.
  7308 | D:7      | Found a hazy altar of Hepliaklqana.
  7413 | D:7      | Noticed Duvessa
  7413 | D:7      | Noticed Dowan
  7415 | D:7      | 7415 ||| INVOKING Berserk.
  7421 | D:7      | Killed Dowan
  7428 | D:7      | Killed Duvessa
  7948 | D:8      | 7948 ||| Stepping ~*~*~tactically~*~*~ (stealth).
  8076 | D:8      | 8076 ||| Stepping ~*~*~tactically~*~*~ (stealth).
  8078 | D:8      | 8078 ||| Stepping ~*~*~tactically~*~*~ (stealth).
  8083 | D:8      | 8083 ||| FLEEEEING.
  8084 | D:8      | 8084 ||| FLEEEEING.
  8085 | D:8      | 8085 ||| FLEEEEING.
  8086 | D:8      | 8086 ||| FLEEEEING.
  8089 | D:8      | 8089 ||| FLEEEEING.
  8090 | D:8      | 8090 ||| FLEEEEING.
  8092 | D:8      | 8092 ||| FLEEEEING.
  8097 | D:8      | 8097 ||| FLEEEEING.
  8098 | D:8      | 8098 ||| FLEEEEING.
  8099 | D:8      | 8099 ||| FLEEEEING.
  8100 | D:8      | 8100 ||| FLEEEEING.
  8101 | D:8      | 8101 ||| FLEEEEING.
  8106 | D:8      | Reached skill level 8 in Fighting
  8238 | D:8      | 8238 ||| INVOKING Berserk.
  8398 | D:8      | Found a stormy altar of Qazlal.
  8441 | D:8      | Found Zoilo's Magic Scroll Shop.
  8442 | D:8      | Noticed Maurice
  8443 | D:8      | 8443 ||| Stepping ~*~*~tactically~*~*~ (hiding).
  8450 | D:8      | Reached XP level 10. HP: 69/88 MP: 9/9
  8452 | D:8      | 8452 ||| FLEEEEING.
  8461 | D:8      | 8461 ||| FLEEEEING.
  8462 | D:8      | 8462 ||| FLEEEEING.
  8463 | D:8      | 8463 ||| FLEEEEING.
  8464 | D:8      | 8464 ||| FLEEEEING.
  8476 | D:8      | 8476 ||| FLEEEEING.
  8477 | D:8      | 8477 ||| FLEEEEING.
  8478 | D:8      | 8478 ||| FLEEEEING.
  8479 | D:8      | 8479 ||| FLEEEEING.
  8481 | D:8      | 8481 ||| FLEEEEING.
  8482 | D:8      | 8482 ||| FLEEEEING.
  8483 | D:8      | 8483 ||| FLEEEEING.
  8484 | D:8      | 8484 ||| FLEEEEING.
  8485 | D:8      | 8485 ||| FLEEEEING.
  8526 | D:8      | HP: 19/88 [something (4)]
  8527 | D:8      | HP: 9/88 [something (10)]
  8530 | D:8      | Killed Maurice
  8922 | D:8      | Found Coiph's Magic Scroll Shop.
  8932 | D:8      | 8932 ||| BUYING scroll of identify (32 gold).
  8932 | D:8      | Bought a scroll of identify for 32 gold pieces
  8948 | D:8      | 8948 ||| BUYING scroll of enchant armour (112 gold).
  8948 | D:8      | Bought a scroll of enchant armour for 112 gold pieces
  8948 | D:8      | 8948 ||| BUYING scroll of identify (30 gold).
  8948 | D:8      | Bought a scroll of identify for 30 gold pieces
  8948 | D:8      | 8948 ||| BUYING scroll of teleportation (45 gold).
  8948 | D:8      | Bought a scroll of teleportation for 45 gold pieces
  8948 | D:8      | 8948 ||| READING scroll of enchant armour.
  8948 | D:8      | 8948 ||| ENCHANTING +0 pair of gloves.
  8969 | D:8      | Found Wuac's Armour Shoppe.
  9020 | D:8      | Noticed Maggie
  9030 | D:8      | Killed Maggie
  9221 | D:8      | Found Rammanu's Dragon-Slaying Spoils.
  9228 | D:8      | 9228 ||| SHOPLISTING +0 fire dragon scales (720 gold, have
                  | 114).
  9228 | D:8      | 9228 ||| SHOPLISTING +0 gold dragon scales (960 gold, have
                  | 114).
  9228 | D:8      | 9228 ||| SHOPLISTING +0 ice dragon scales (720 gold, have
                  | 114).
  9228 | D:8      | 9228 ||| SHOPLISTING +0 pearl dragon scales (1200 gold,
                  | have 114).
  9228 | D:8      | 9228 ||| SHOPLISTING +0 storm dragon scales (960 gold, have
                  | 114).
  9228 | D:8      | 9228 ||| SHOPLISTING +1 shadow dragon scales (1044 gold,
                  | have 114).
  9307 | D:8      | 9307 ||| UPGRADING to +0 cloak.
  9312 | D:8      | 9312 ||| READING scroll labelled FUK JUHUSSEI.
  9313 | D:8      | 9313 ||| READING 3 scrolls of identify.
  9313 | D:8      | 9313 ||| IDENTIFYING fizzy grey potion
  9314 | D:8      | 9314 ||| DRINKING potion of experience.
  9314 | D:8      | Reached XP level 11. HP: 94/94 MP: 10/10
  9315 | D:8      | 9315 ||| READING 2 scrolls of identify.
  9315 | D:8      | 9315 ||| IDENTIFYING sapphire potion
  9316 | D:8      | 9316 ||| DROPPING potion of attraction.
  9389 | D:9      | 9389 ||| Stepping ~*~*~tactically~*~*~ (stealth).
  9392 | D:9      | 9392 ||| Stepping ~*~*~tactically~*~*~ (stealth).
  9514 | D:9      | 9514 ||| FLEEEEING.
  9515 | D:9      | 9515 ||| FLEEEEING.
  9518 | D:9      | 9518 ||| FLEEEEING.
  9519 | D:9      | 9519 ||| FLEEEEING.
  9523 | D:9      | 9523 ||| FLEEEEING.
  9524 | D:9      | 9524 ||| FLEEEEING.
  9527 | D:9      | 9527 ||| FLEEEEING.
  9528 | D:9      | 9528 ||| FLEEEEING.
  9530 | D:9      | 9530 ||| Stepping ~*~*~tactically~*~*~ (hiding).
  9607 | D:9      | 9607 ||| Stepping ~*~*~tactically~*~*~ (stealth).
  9609 | D:9      | 9609 ||| Stepping ~*~*~tactically~*~*~ (stealth).
  9612 | D:9      | 9612 ||| Stepping ~*~*~tactically~*~*~ (stealth).
  9623 | D:9      | 9623 ||| DROPPING +0 morningstar.
  9661 | D:9      | 9661 ||| Stepping ~*~*~tactically~*~*~ (stealth).
  9670 | D:9      | Reached skill level 15 in Axes
 10078 | D:9      | 10078 ||| INVOKING Berserk.
 10084 | D:9      | Reached skill level 9 in Fighting
 10210 | D:9      | 10210 ||| READING scroll of enchant weapon.
 10210 | D:9      | 10210 ||| ENCHANTING +2 war axe.
 10237 | D:9      | Found a staircase to the Orcish Mines.
 10238 | D:9      | 10238 ||| INVOKING Berserk.
 10247 | D:9      | Reached **** piety under Trog
 10272 | D:9      | Reached skill level 3 in Dodging
 10498 | D:9      | 10498 ||| INVOKING Berserk.
 10749 | D:9      | 10749 ||| READING scroll of brand weapon.
 10749 | D:9      | 10749 ||| BRANDING +3 war axe.
 10960 | D:9      | 10960 ||| DRINKING 2 fuming orange potions.
 11061 | D:9      | 11061 ||| READING 3 scrolls of identify.
 11061 | D:9      | 11061 ||| IDENTIFYING coppery potion
 11062 | D:9      | 11062 ||| READING 2 scrolls of identify.
 11062 | D:9      | 11062 ||| IDENTIFYING blue potion
 11063 | D:9      | 11063 ||| DROPPING potion of magic.
 11064 | D:9      | 11064 ||| DROPPING potion of ambrosia.
 11097 | D:10     | Entered Level 10 of the Dungeon
 11113 | D:10     | Noticed Fannar
 11123 | D:10     | Killed Fannar
 11233 | D:10     | Found a snail-covered altar of Cheibriados.
 11265 | D:10     | 11265 ||| FLEEEEING.
 11381 | D:10     | Found a staircase to the Lair.
 11397 | D:10     | 11397 ||| INVOKING Berserk.
 11570 | D:10     | 11570 ||| INVOKING Berserk.
 11578 | D:10     | 11578 ||| Stepping ~*~*~tactically~*~*~ (hiding).
 11711 | D:10     | 11711 ||| Stepping ~*~*~tactically~*~*~ (hiding).
 11716 | D:10     | Noticed Grum
 11722 | D:10     | 11722 ||| INVOKING Berserk.
 11730 | D:10     | 11730 ||| FLEEEEING.
 11731 | D:10     | 11731 ||| FLEEEEING.
 11732 | D:10     | 11732 ||| FLEEEEING.
 11733 | D:10     | 11733 ||| FLEEEEING.
 11734 | D:10     | 11734 ||| FLEEEEING.
 11735 | D:10     | 11735 ||| FLEEEEING.
 11736 | D:10     | 11736 ||| FLEEEEING.
 11968 | D:10     | 11968 ||| INVOKING Berserk.
 12012 | D:10     | HP: 21/97 [Grum/+0 spear (11)]
 12013 | D:10     | 12013 ||| READING 6 scrolls of teleportation.
 12320 | D:10     | 12320 ||| INVOKING Berserk.
 12323 | D:10     | Killed Grum
 12462 | D:10     | 12462 ||| INVOKING Berserk.
 12621 | D:10     | Found a white marble altar of Elyvilon.
 12654 | D:10     | 12654 ||| FLEEEEING.
 12655 | D:10     | 12655 ||| FLEEEEING.
 12656 | D:10     | 12656 ||| FLEEEEING.
 12657 | D:10     | 12657 ||| FLEEEEING.
 12664 | D:10     | 12664 ||| FLEEEEING.
 12665 | D:10     | 12665 ||| FLEEEEING.
 12680 | D:10     | 12680 ||| FLEEEEING.
 12681 | D:10     | 12681 ||| FLEEEEING.
 12837 | D:10     | 12837 ||| Stepping ~*~*~tactically~*~*~ (stealth).
 12838 | D:10     | Noticed Sonja
 12839 | D:10     | 12839 ||| Stepping ~*~*~tactically~*~*~ (stealth).
 12859 | D:10     | 12859 ||| INVOKING Berserk.
 12862 | D:10     | Reached skill level 10 in Fighting
 12878 | D:10     | Killed Sonja
 12909 | D:10     | Noticed Gastronok
 12910 | D:10     | 12910 ||| FLEEEEING.
 12911 | D:10     | 12911 ||| FLEEEEING.
 12912 | D:10     | 12912 ||| FLEEEEING.
 12936 | D:10     | 12936 ||| FLEEEEING.
 12954 | D:10     | 12954 ||| FLEEEEING.
 12962 | D:10     | 12962 ||| STAIRDANCE
 13063 | D:10     | 13063 ||| INVOKING Berserk.
 13073 | D:10     | Killed Gastronok
 13074 | D:10     | Reached skill level 11 in Fighting
 13074 | D:10     | Reached XP level 12. HP: 110/110 MP: 11/11
 13427 | D:10     | 13427 ||| FLEEEEING.
 13525 | D:10     | Noticed Joseph
 13540 | D:10     | Killed Joseph
 13760 | D:10     | 13760 ||| PLANNING LAIR
 13760 | D:10     | 13760 ||| UPGRADING to ring of willpower.
 13802 | Lair:1   | Entered Level 1 of the Lair of Beasts
 13808 | Lair:1   | Reached skill level 12 in Fighting
 13848 | Lair:1   | 13848 ||| Stepping ~*~*~tactically~*~*~ (stealth).
 13850 | Lair:1   | 13850 ||| Stepping ~*~*~tactically~*~*~ (stealth).
 13852 | Lair:1   | 13852 ||| Stepping ~*~*~tactically~*~*~ (stealth).
 13867 | Lair:1   | Noticed Nergalle
 13946 | Lair:1   | 13946 ||| Stepping ~*~*~tactically~*~*~ (hiding).
 13950 | Lair:1   | 13950 ||| INVOKING Berserk.
 13953 | Lair:1   | Killed Nergalle
 13954 | Lair:1   | Reached skill level 13 in Fighting
 14159 | Lair:1   | 14159 ||| Stepping ~*~*~tactically~*~*~ (hiding).
 14191 | Lair:1   | Noticed a boulder beetle
 14196 | Lair:1   | 14196 ||| INVOKING Berserk.
 14201 | Lair:1   | Killed a boulder beetle
 14345 | Lair:1   | 14345 ||| Stepping ~*~*~tactically~*~*~ (hiding).
 14567 | Lair:1   | 14567 ||| Stepping ~*~*~tactically~*~*~ (stealth).
 14653 | Lair:1   | 14653 ||| Stepping ~*~*~tactically~*~*~ (stealth).
 14654 | Lair:1   | 14654 ||| Stepping ~*~*~tactically~*~*~ (stealth).
 14655 | Lair:1   | 14655 ||| Stepping ~*~*~tactically~*~*~ (stealth).
 14661 | Lair:1   | Reached skill level 14 in Fighting
 14662 | Lair:1   | 14662 ||| INVOKING Berserk.
 14840 | Lair:1   | Found the +8 whip "Snakebite" {venom, curare, rPois}
 15180 | Lair:2   | 15180 ||| Stepping ~*~*~tactically~*~*~ (stealth).
 15199 | Lair:2   | 15199 ||| Stepping ~*~*~tactically~*~*~ (stealth).
 15223 | Lair:2   | Reached ***** piety under Trog
 15273 | Lair:2   | Reached skill level 15 in Fighting
 15491 | Lair:2   | 15491 ||| Stepping ~*~*~tactically~*~*~ (hiding).
 15549 | Lair:2   | 15549 ||| Stepping ~*~*~tactically~*~*~ (hiding).
 15550 | Lair:2   | 15550 ||| Stepping ~*~*~tactically~*~*~ (hiding).
 15667 | Lair:2   | Found a hole to the Spider Nest.
 16056 | Lair:2   | 16056 ||| UPGRADING to ring of protection from fire.
 16058 | Lair:2   | 16058 ||| READING 4 scrolls of identify.
 16058 | Lair:2   | 16058 ||| IDENTIFYING bubbling black potion
 16059 | Lair:2   | 16059 ||| DROPPING potion of berserk rage.
 16108 | Lair:3   | 16108 ||| SWAPPING to +1 war axe of electrocution.
 16109 | Lair:3   | 16109 ||| DROPPING +3 war axe of chaos.
 16131 | Lair:3   | Found a shadowy altar of Dithmenos.
 16191 | Lair:3   | Reached skill level 6 in Dodging
 16191 | Lair:3   | Reached XP level 13. HP: 126/126 MP: 12/12
 16204 | Lair:3   | 16204 ||| INVOKING Brothers in Arms.
 16206 | Lair:3   | 16206 ||| SWAPPING to +5 morningstar.
 16208 | Lair:3   | 16208 ||| INVOKING Brothers in Arms.
 16209 | Lair:3   | 16209 ||| INVOKING Berserk.
 16240 | Lair:3   | 16240 ||| SWAPPING to +1 war axe of electrocution.
 16249 | Lair:3   | 16249 ||| Stepping ~*~*~tactically~*~*~ (stealth).
 16268 | Lair:3   | 16268 ||| Stepping ~*~*~tactically~*~*~ (stealth).
 16289 | Lair:3   | 16289 ||| INVOKING Brothers in Arms.
 16291 | Lair:3   | 16291 ||| SWAPPING to +5 morningstar.
 16292 | Lair:3   | 16292 ||| INVOKING Brothers in Arms.
 16293 | Lair:3   | 16293 ||| INVOKING Berserk.
 16305 | Lair:3   | 16305 ||| SWAPPING to +1 war axe of electrocution.
 16451 | Lair:3   | 16451 ||| Stepping ~*~*~tactically~*~*~ (hiding).
 16453 | Lair:3   | 16453 ||| DRINKING potion of cancellation.
 16563 | Lair:3   | Found a staircase to the Swamp.
 16571 | Lair:3   | Reached skill level 16 in Fighting
 16626 | Lair:3   | 16626 ||| Stepping ~*~*~tactically~*~*~ (hiding).
 16627 | Lair:3   | Noticed Amaemon
 16631 | Lair:3   | 16631 ||| INVOKING Berserk.
 16644 | Lair:3   | Killed Amaemon
 16770 | Lair:3   | 16770 ||| DROPPING +5 morningstar.
 16789 | Lair:3   | 16789 ||| Stepping ~*~*~tactically~*~*~ (stealth).
 16792 | Lair:3   | 16792 ||| INVOKING Berserk.
 16811 | Lair:3   | 16811 ||| INVOKING Brothers in Arms.
 16812 | Lair:3   | 16812 ||| INVOKING Brothers in Arms.
 16813 | Lair:3   | 16813 ||| INVOKING Brothers in Arms.
 16814 | Lair:3   | 16814 ||| SWAPPING to +0 demon whip of venom.
 16815 | Lair:3   | HP: 32/128 [ten-headed hydra (12)]
 16816 | Lair:3   | 16816 ||| READING 7 scrolls of teleportation.
 16817 | Lair:3   | 16817 ||| DRINKING potion of heal wounds.
 16818 | Lair:3   | 16818 ||| SWAPPING to +1 war axe of electrocution.
 17229 | Lair:3   | 17229 ||| Stepping ~*~*~tactically~*~*~ (stealth).
 17246 | Lair:3   | Reached skill level 15 in Armour
 17476 | Lair:3   | 17476 ||| INVOKING Berserk.
 17751 | Lair:3   | 17751 ||| READING scroll labelled VANTUM ESOQAE.
 17829 | Lair:4   | 17829 ||| INVOKING Berserk.
 18177 | Lair:4   | Found a viscous altar of Jiyva.
 18177 | Lair:4   | Found a staircase to the Slime Pits.
 18191 | Lair:4   | 18191 ||| Stepping ~*~*~tactically~*~*~ (hiding).
 18193 | Lair:4   | 18193 ||| Stepping ~*~*~tactically~*~*~ (hiding).
 18269 | Lair:4   | 18269 ||| INVOKING Berserk.
 18418 | Lair:4   | 18418 ||| INVOKING Berserk.
 18421 | Lair:4   | Reached skill level 17 in Fighting
 18609 | Lair:4   | Noticed Rupert
 18610 | Lair:4   | 18610 ||| INVOKING Trog's Hand.
 18615 | Lair:4   | 18615 ||| INVOKING Berserk.
 18631 | Lair:4   | Killed Rupert
 19138 | Lair:4   | 19138 ||| Stepping ~*~*~tactically~*~*~ (stealth).
 19141 | Lair:4   | 19141 ||| Stepping ~*~*~tactically~*~*~ (stealth).
 19142 | Lair:4   | 19142 ||| INVOKING Berserk.
 19180 | Lair:4   | 19180 ||| Stepping ~*~*~tactically~*~*~ (stealth).
 19309 | Lair:4   | 19309 ||| UPGRADING to +3 chain mail of fire resistance.
 19319 | Lair:4   | 19319 ||| DROPPING amulet of the acrobat.
 19320 | Lair:4   | 19320 ||| UPGRADING to ring of willpower.
 19337 | Lair:5   | Entered Level 5 of the Lair of Beasts
 19340 | Lair:5   | 19340 ||| STAIRDANCE
 19362 | Lair:5   | 19362 ||| INVOKING Berserk.
 19369 | Lair:5   | 19369 ||| STAIRDANCE
 19464 | Lair:5   | 19464 ||| INVOKING Berserk.
 19483 | Lair:5   | Reached XP level 14. HP: 140/140 MP: 13/13
 19666 | Lair:5   | 19666 ||| Stepping ~*~*~tactically~*~*~ (stealth).
 19765 | Lair:5   | 19765 ||| Stepping ~*~*~tactically~*~*~ (hiding).
 19894 | Lair:5   | 19894 ||| Stepping ~*~*~tactically~*~*~ (stealth).
 19896 | Lair:5   | 19896 ||| Stepping ~*~*~tactically~*~*~ (stealth).
 19905 | Lair:5   | 19905 ||| Stepping ~*~*~tactically~*~*~ (stealth).
 19908 | Lair:5   | 19908 ||| INVOKING Berserk.
 19920 | Lair:5   | Reached skill level 18 in Fighting
 20375 | Lair:5   | 20375 ||| Stepping ~*~*~tactically~*~*~ (stealth).
 20377 | Lair:5   | 20377 ||| Stepping ~*~*~tactically~*~*~ (stealth).
 20517 | Lair:5   | 20517 ||| Stepping ~*~*~tactically~*~*~ (stealth).
 20596 | Lair:5   | 20596 ||| INVOKING Brothers in Arms.
 20599 | Lair:5   | 20599 ||| INVOKING Berserk.
 20602 | Lair:5   | Reached skill level 19 in Fighting
 20607 | Lair:5   | 20607 ||| SWAPPING to +0 demon whip of venom.
 20613 | Lair:5   | 20613 ||| Stepping ~*~*~tactically~*~*~ (outnumbered).
 20614 | Lair:5   | 20614 ||| Stepping ~*~*~tactically~*~*~ (outnumbered).
 20618 | Lair:5   | 20618 ||| SWAPPING to +1 war axe of electrocution.
 20829 | Lair:5   | 20829 ||| Stepping ~*~*~tactically~*~*~ (stealth).
 20847 | Lair:5   | Reached skill level 9 in Dodging
 21030 | Lair:5   | 21030 ||| INVOKING Brothers in Arms.
 21032 | Lair:5   | 21032 ||| SWAPPING to +0 demon whip of venom.
 21033 | Lair:5   | 21033 ||| INVOKING Brothers in Arms.
 21034 | Lair:5   | 21034 ||| INVOKING Berserk.
 21055 | Lair:5   | 21055 ||| SWAPPING to +1 war axe of electrocution.
 21191 | Lair:5   | 21191 ||| Stepping ~*~*~tactically~*~*~ (stealth).
 21287 | Lair:5   | 21287 ||| INVOKING Brothers in Arms.
 21290 | Lair:5   | 21290 ||| SWAPPING to +0 demon whip of venom.
 21292 | Lair:5   | 21292 ||| INVOKING Berserk.
 21324 | Lair:5   | 21324 ||| SWAPPING to +1 war axe of electrocution.
 21468 | Lair:5   | 21468 ||| Stepping ~*~*~tactically~*~*~ (stealth).
 21493 | Lair:5   | Found a burning altar of Makhleb.
 21500 | Lair:5   | 21500 ||| Stepping ~*~*~tactically~*~*~ (hiding).
 21507 | Lair:5   | 21507 ||| INVOKING Berserk.
 21698 | Lair:5   | Found a gateway to Hell.
 21705 | Lair:5   | Identified the +7 scimitar of Impeachment {vorpal, Int+3}
 21837 | Lair:5   | 21837 ||| Stepping ~*~*~tactically~*~*~ (stealth).
 21843 | Lair:5   | 21843 ||| Stepping ~*~*~tactically~*~*~ (stealth).
 21845 | Lair:5   | 21845 ||| Stepping ~*~*~tactically~*~*~ (stealth).
 21856 | Lair:5   | Reached skill level 20 in Fighting
 22178 | Lair:5   | 22178 ||| PLANNING D:1-11
 22178 | Lair:5   | 22178 ||| UPGRADING to ring of see invisible.
 22310 | D:11     | 22310 ||| STAIRDANCE
 22316 | D:11     | 22316 ||| STAIRDANCE
 22323 | D:11     | 22323 ||| STAIRDANCE
 22336 | D:11     | 22336 ||| INVOKING Berserk.
 22548 | D:11     | Noticed Harold
 22555 | D:11     | Killed Harold
 22694 | D:11     | Noticed Erolcha
 22695 | D:11     | 22695 ||| Stepping ~*~*~tactically~*~*~ (hiding).
 22697 | D:11     | 22697 ||| INVOKING Trog's Hand.
 22698 | D:11     | 22698 ||| INVOKING Berserk.
 22701 | D:11     | Killed Erolcha
 22896 | D:11     | 22896 ||| Stepping ~*~*~tactically~*~*~ (stealth).
 23323 | D:11     | 23323 ||| PLANNING D
 23323 | D:11     | 23323 ||| UPGRADING to +0 buckler.
 23380 | D:12     | Reached skill level 1 in Shields
 23698 | D:12     | 23698 ||| Stepping ~*~*~tactically~*~*~ (stealth).
 23706 | D:12     | 23706 ||| Stepping ~*~*~tactically~*~*~ (stealth).
 23731 | D:12     | 23731 ||| INVOKING Berserk.
 23739 | D:12     | Reached XP level 15. HP: 155/155 MP: 14/14
 23896 | D:12     | Reached skill level 3 in Shields
 23956 | D:12     | 23956 ||| FLEEEEING.
 23957 | D:12     | 23957 ||| FLEEEEING.
 23958 | D:12     | 23958 ||| FLEEEEING.
 24129 | D:12     | 24129 ||| Stepping ~*~*~tactically~*~*~ (stealth).
 24130 | D:12     | 24130 ||| Stepping ~*~*~tactically~*~*~ (stealth).
 24369 | D:12     | 24369 ||| Stepping ~*~*~tactically~*~*~ (stealth).
 24372 | D:12     | 24372 ||| INVOKING Berserk.
 24523 | D:12     | 24523 ||| INVOKING Brothers in Arms.
 24527 | D:12     | 24527 ||| INVOKING Berserk.
 24709 | D:12     | 24709 ||| DRINKING 2 potions of experience.
 24709 | D:12     | Reached XP level 16. HP: 162/162 MP: 15/15
 24710 | D:12     | 24710 ||| DRINKING potion of experience.
 24710 | D:12     | Reached skill level 6 in Throwing
 24710 | D:12     | Reached XP level 17. HP: 170/170 MP: 16/16
 24784 | D:12     | 24784 ||| Stepping ~*~*~tactically~*~*~ (stealth).
 24957 | D:13     | 24957 ||| Stepping ~*~*~tactically~*~*~ (hiding).
 24980 | D:13     | Reached skill level 9 in Shields
 25032 | D:13     | Noticed Jorgrun
 25041 | D:13     | 25041 ||| INVOKING Berserk.
 25047 | D:13     | Killed Jorgrun
 26018 | D:13     | 26018 ||| READING scroll labelled YGUSOWUUFA.
 26112 | D:14     | 26112 ||| SWAPPING to +0 demon whip of venom.
 26113 | D:14     | 26113 ||| INVOKING Berserk.
 26126 | D:14     | 26126 ||| SWAPPING to +1 war axe of electrocution.
 26281 | D:14     | 26281 ||| Stepping ~*~*~tactically~*~*~ (hiding).
 26289 | D:14     | 26289 ||| Stepping ~*~*~tactically~*~*~ (cloud).
 26459 | D:14     | 26459 ||| Stepping ~*~*~tactically~*~*~ (hiding).
 26480 | D:14     | Found a gate to the Vaults.
 26490 | D:14     | Reached skill level 12 in Shields
 26863 | D:14     | 26863 ||| INVOKING Berserk.
 26870 | D:14     | Received a gift from Trog
 27135 | D:14     | 27135 ||| SWAPPING to +1 antimagic broad axe.
 27136 | D:14     | 27136 ||| DROPPING +1 war axe of electrocution.
 27485 | D:14     | 27485 ||| FLEEEEING.
 27486 | D:14     | 27486 ||| FLEEEEING.
 27487 | D:14     | 27487 ||| FLEEEEING.
 27492 | D:14     | 27492 ||| FLEEEEING.
 27509 | D:14     | 27509 ||| FLEEEEING.
 27510 | D:14     | 27510 ||| FLEEEEING.
 27511 | D:14     | 27511 ||| FLEEEEING.
 27512 | D:14     | 27512 ||| FLEEEEING.
 27522 | D:14     | 27522 ||| FLEEEEING.
 27523 | D:14     | 27523 ||| FLEEEEING.
 27524 | D:14     | 27524 ||| FLEEEEING.
 27525 | D:14     | 27525 ||| FLEEEEING.
 27529 | D:14     | 27529 ||| FLEEEEING.
 27530 | D:14     | 27530 ||| FLEEEEING.
 27535 | D:14     | 27535 ||| STAIRDANCE
 27702 | D:15     | Entered Level 15 of the Dungeon
 27861 | D:15     | 27861 ||| Stepping ~*~*~tactically~*~*~ (hiding).
 27889 | D:15     | 27889 ||| INVOKING Berserk.
 27905 | D:15     | 27905 ||| INVOKING Brothers in Arms.
 27906 | D:15     | HP: 40/170 [freezing wraith[a death knight] (6)]
 27907 | D:15     | 27907 ||| READING 8 scrolls of teleportation.
 28465 | D:15     | 28465 ||| INVOKING Berserk.
 28893 | D:15     | Identified the ring of Munn {Will+ MP+9 Str+4 Int+3 SInv}
 29163 | D:15     | HP: 35/170 [ice dragon/blast of cold (34)]
 29164 | D:15     | 29164 ||| READING 7 scrolls of teleportation.
 29165 | D:15     | 29165 ||| INVOKING Berserk.
 29807 | D:15     | Found a staircase to the Depths.
 29828 | D:15     | 29828 ||| PLANNING ORC
 29828 | D:15     | 29828 ||| DROPPING ring of resist corrosion.
 29829 | D:15     | 29829 ||| DROPPING ring of positive energy.
 29830 | D:15     | 29830 ||| DROPPING ring of willpower.
 29831 | D:15     | 29831 ||| UPGRADING to ring of Munn {Will+ MP+9 Str+4 Int+3
                  | SInv}.
 29833 | D:15     | 29833 ||| REMOVING ring of see invisible.
 29861 | D:15     | 29861 ||| UPGRADING to ring of protection from fire.
 29862 | D:15     | 29862 ||| UPGRADING to ring of poison resistance.
 29864 | D:15     | 29864 ||| DROPPING ring of see invisible.
 30030 | Orc:1    | Entered Level 1 of the Orcish Mines
 30077 | Orc:1    | 30077 ||| Stepping ~*~*~tactically~*~*~ (stealth).
 30078 | Orc:1    | 30078 ||| Stepping ~*~*~tactically~*~*~ (stealth).
 30082 | Orc:1    | 30082 ||| Stepping ~*~*~tactically~*~*~ (stealth).
 30087 | Orc:1    | 30087 ||| Stepping ~*~*~tactically~*~*~ (stealth).
 30143 | Orc:1    | 30143 ||| Stepping ~*~*~tactically~*~*~ (stealth).
 30156 | Orc:1    | 30156 ||| Stepping ~*~*~tactically~*~*~ (hiding).
 30164 | Orc:1    | 30164 ||| Stepping ~*~*~tactically~*~*~ (hiding).
 30612 | Orc:2    | Entered Level 2 of the Orcish Mines
 30639 | Orc:2    | Found Racadim's General Store.
 30650 | Orc:2    | 30650 ||| BUYING potion of haste (140 gold).
 30650 | Orc:2    | Bought a potion of haste for 140 gold pieces
 30650 | Orc:2    | 30650 ||| BUYING potion of might (56 gold).
 30650 | Orc:2    | Bought a potion of might for 56 gold pieces
 30650 | Orc:2    | 30650 ||| BUYING scroll of enchant armour (105 gold).
 30650 | Orc:2    | Bought a scroll of enchant armour for 105 gold pieces
 30650 | Orc:2    | 30650 ||| READING scroll of enchant armour.
 30650 | Orc:2    | 30650 ||| ENCHANTING +1 pair of gloves.
 30693 | Orc:2    | 30693 ||| Stepping ~*~*~tactically~*~*~ (stealth).
 30696 | Orc:2    | 30696 ||| Stepping ~*~*~tactically~*~*~ (hiding).
 30757 | Orc:2    | 30757 ||| INVOKING Berserk.
 31043 | Orc:2    | Noticed Josephine
 31055 | Orc:2    | Killed Josephine
 31056 | Orc:2    | 31056 ||| FLEEEEING.
 31057 | Orc:2    | 31057 ||| FLEEEEING.
 31058 | Orc:2    | 31058 ||| FLEEEEING.
 31059 | Orc:2    | 31059 ||| FLEEEEING.
 31060 | Orc:2    | 31060 ||| FLEEEEING.
 31061 | Orc:2    | 31061 ||| Stepping ~*~*~tactically~*~*~ (hiding).
 31083 | Orc:2    | Received a gift from Trog
 31086 | Orc:2    | Reached skill level 18 in Axes
 31099 | Orc:2    | 31099 ||| INVOKING Berserk.
 31123 | Orc:2    | 31123 ||| INVOKING Brothers in Arms.
 31132 | Orc:2    | Found Segecaet's Weapon Boutique.
 31132 | Orc:2    | Found Udogy's Armour Emporium.
 31228 | Orc:2    | 31228 ||| Stepping ~*~*~tactically~*~*~ (stealth).
 31243 | Orc:2    | 31243 ||| Stepping ~*~*~tactically~*~*~ (stealth).
 31369 | Orc:2    | 31369 ||| Stepping ~*~*~tactically~*~*~ (hiding).
 31370 | Orc:2    | 31370 ||| Stepping ~*~*~tactically~*~*~ (hiding).
 31413 | Orc:2    | Found a staircase to the Elven Halls.
 31539 | Orc:2    | Found Vias's Distillery.
 31539 | Orc:2    | Found Qaca Kih's General Store.
 31546 | Orc:2    | 31546 ||| BUYING scroll of teleportation (45 gold).
 31546 | Orc:2    | Bought a scroll of teleportation for 45 gold pieces
 31555 | Orc:2    | 31555 ||| BUYING potion of curing (48 gold).
 31555 | Orc:2    | Bought a potion of curing for 48 gold pieces
 31555 | Orc:2    | 31555 ||| BUYING potion of might (64 gold).
 31555 | Orc:2    | Bought a potion of might for 64 gold pieces
 31555 | Orc:2    | 31555 ||| BUYING potion of might (64 gold).
 31555 | Orc:2    | Bought a potion of might for 64 gold pieces
 31555 | Orc:2    | 31555 ||| BUYING potion of might (64 gold).
 31555 | Orc:2    | Bought a potion of might for 64 gold pieces
 31559 | Orc:2    | 31559 ||| Stepping ~*~*~tactically~*~*~ (hiding).
 31561 | Orc:2    | 31561 ||| Stepping ~*~*~tactically~*~*~ (hiding).
 31566 | Orc:2    | Gained mutation: You occasionally shout uncontrollably at
                  | your foes. [a neqoxec]
 31573 | Orc:2    | 31573 ||| Stepping ~*~*~tactically~*~*~ (hiding).
 31871 | Orc:2    | 31871 ||| PLANNING SPIDER:1-3
 32034 | Spider:1 | Entered Level 1 of the Spider Nest
 32067 | Spider:1 | 32067 ||| INVOKING Brothers in Arms.
 32068 | Spider:1 | 32068 ||| INVOKING Brothers in Arms.
 32069 | Spider:1 | 32069 ||| INVOKING Berserk.
 32151 | Spider:1 | 32151 ||| Stepping ~*~*~tactically~*~*~ (stealth).
 32152 | Spider:1 | 32152 ||| Stepping ~*~*~tactically~*~*~ (stealth).
 32153 | Spider:1 | 32153 ||| Stepping ~*~*~tactically~*~*~ (stealth).
 32256 | Spider:1 | 32256 ||| Stepping ~*~*~tactically~*~*~ (stealth).
 32262 | Spider:1 | 32262 ||| INVOKING Brothers in Arms.
 32284 | Spider:1 | 32284 ||| INVOKING Berserk.
 32287 | Spider:1 | HP: 63/258 [poisoned by a jorogumo]
 32289 | Spider:1 | HP: 26/250 [wolf spider[a jorogumo] (8)]
 32291 | Spider:1 | HP: 8/252 [wolf spider[a jorogumo] (11)]
 32291 | Spider:1 | Slain by a wolf spider

Levels and vault maps discovered:
D:1:      dpeg_arrival_stone_temple_mockup, layout_loops_corners, serial_shops,
          nicolae_shop_hallway_plus, nicolae_ecumenical_snake_handling
D:2:      layout_loops_cross, basic_altar, serial_shops, shop,
          kennysheep_another_room
D:3:      layout_loops_ring, mainiacjoe_overflow_alcove_1,
          nemelex_xobeh_ov_fountains_minmay, roderic_lattice_a, uniq_ijyb
D:4:      layout_loops_ring
D:5:      layout_basic, serial_shops, shop, nicolae_eternal_life,
          nicolae_shop_overcharged_wands
D:6:      layout_rooms, nicolae_vehumet_radiance, minmay_temple_entry_wispy
D:7:      layout_loops_ring, lemuel_round_altar, gammafunk_temple_overflow_claw,
          ebering_ghost_gozag, chequers_serial_rivers_room_a,
          grunt_ministairs_1, uniq_duvessa
D:8:      layout_basic, grunt_qazlal_clouds, serial_shops,
          kennysheep_little_box, nicolae_shop_behind_doors,
          nicolae_shop_hallway_plus, nicolae_shop_dragon_depot, uniq_maggie,
          uniq_maurice
D:9:      layout_basic, david_orc_5
D:10:     layout_loops_ring, mainiacjoe_overflow_concentric_impassable,
          mainiacjoe_overflow_brackets, david_lair_shrubbed,
          hangedman_tell_no_tales, uniq_gastronok, uniq_fannar, uniq_sonja,
          uniq_joseph, uniq_grum
D:11:     layout_roguey, hangedman_weighted_door, uniq_harold, uniq_erolcha
D:12:     layout_small_grid, introduction_to_nature_2
D:13:     layout_roguey, uniq_jorgrun
D:14:     layout_roguey, grunt_vaults_entry_tiered, chequers_jeans,
          hangedman_decor_diamond_cutter, feat_on_display
D:15:     grunt_enter_depths_hoard, layout_loops_corners,
          dreamdust_mushroom_princess
Lair:1:   minmay_guarded_unrand_snakebite, layout_misc_corridors,
          grunt_megastairs_5, uniq_nergalle
Lair:2:   layout_roguey, hellmonk_spider_entry_life_and_decay
Lair:3:   layout_regular_city, skrybe_swamp_entry_bodies, basic_altar,
          infiniplex_staircase_pool, lemuel_fruit_fields, uniq_amaemon
Lair:4:   dreamdust_cave_troll, layout_small_grid, minmay_slime_entry_pillars,
          beast_lair_carwin_10, uniq_rupert
Lair:5:   evil_forest, layout_small_grid, lemuel_fruit_tree
Spider:1: layout_spider_delve, uniq_donald
Orc:1:    layout_caves
Orc:2:    st_orc_town, layout_diamond_mine, serial_shops, shop, uniq_josephine

Skill      XL: |  1  2  3  4  5  6  7  8  9 10 11 12 13 14 15 16 17 |
---------------+----------------------------------------------------+-----
Axes           | 4 5 6 7 9 10 12 13 14 16 18 | 18.0
Armour         | 4 6 7 13 14 16 17 | 17.0
Fighting       | 4 5 6 8 11 15 17 20 | 20.8
Throwing       | 2 6 |  6.2
Dodging        | 3 6 7 9 10 | 10.0
Shields        | 2 8 12 | 12.0

Action                   |  1- 3 |  4- 6 |  7- 9 | 10-12 | 13-15 | 16-18 || total
-------------------------+-------+-------+-------+-------+-------+-------++-------
Melee: Hand axe          |    88 |    71 |       |       |       |       ||   159
       Headbutt          |     8 |     8 |    28 |    84 |   137 |   128 ||   393
       Punch             |       |     1 |     1 |     4 |     2 |       ||     8
       War axe           |       |    46 |   178 |   427 |   602 |   181 ||  1434
       Morningstar       |       |       |       |       |    10 |       ||    10
       Demon whip        |       |       |       |       |    13 |     5 ||    18
       Broad axe         |       |       |       |       |       |   329 ||   329
Throw: Boomerang         |    10 |    58 |    40 |    16 |    18 |    29 ||   171
Invok: Berserk           |     1 |     6 |     7 |    14 |    22 |    10 ||    60
       Brothers in Arms  |       |       |       |       |    10 |     4 ||    14
       Trog's Hand       |       |       |       |       |     2 |       ||     2
  Use: Scroll            |     2 |     9 |     4 |    10 |     2 |     4 ||    31
       Potion            |     2 |     4 |     2 |     2 |     3 |     1 ||    14
 Stab: Paralysed         |       |       |       |     2 |       |       ||     2
       Petrifying        |       |       |       |     1 |       |     1 ||     2
       Distracted        |       |       |       |       |     1 |       ||     1
Armor: Animal skin       |    12 |       |       |       |       |       ||    12
       Plate armour      |    24 |    49 |    85 |   180 |   106 |       ||   444
       Chain mail        |       |       |       |       |   169 |   214 ||   383
Dodge: Dodged            |    44 |    27 |    59 |   122 |   246 |   190 ||   688
Block: Other             |       |     8 |    35 |    75 |    97 |       ||   215
       Reflection        |       |       |     2 |    15 |     1 |    16 ||    34
       Buckler           |       |       |       |       |    24 |   248 ||   272

Table legend:
 A = Non-vault XP
 B = Vault XP
 C = Vault XP percentage of total XP
 D = Non-vault monster count
 E = Vault monster count
 F = Vault count percentage of total count
                 A         B        C        D         E       F
            +---------+---------+-------+---------+---------+-------
      Total |  105098 |   57158 |  35.2 |     494 |     225 |  31.3
            +---------+---------+-------+---------+---------+-------
        D:1 |      51 |       5 |   8.9 |      25 |       3 |  10.7
        D:2 |      56 |       0 |   0.0 |      16 |       0 |   0.0
        D:3 |      73 |      38 |  34.2 |      19 |       1 |   5.0
        D:4 |     419 |       0 |   0.0 |      24 |       0 |   0.0
        D:5 |     164 |       0 |   0.0 |       7 |       0 |   0.0
        D:6 |     999 |       0 |   0.0 |      17 |       0 |   0.0
        D:7 |    1296 |     570 |  30.5 |      27 |       6 |  18.2
        D:8 |    2077 |     843 |  28.9 |      15 |       2 |  11.8
        D:9 |    2196 |     432 |  16.4 |      28 |      23 |  45.1
       D:10 |    4412 |    5245 |  54.3 |      28 |      15 |  34.9
       D:11 |    3600 |    3529 |  49.5 |      16 |       7 |  30.4
       D:12 |    6428 |    1533 |  19.3 |      21 |      19 |  47.5
       D:13 |    7921 |    1813 |  18.6 |      14 |       1 |   6.7
       D:14 |    8807 |    6982 |  44.2 |      20 |      25 |  55.6
       D:15 |   10846 |    1695 |  13.5 |      18 |       2 |  10.0
     Lair:1 |    3320 |    4623 |  58.2 |      15 |      18 |  54.5
     Lair:2 |    4120 |     675 |  14.1 |      15 |       3 |  16.7
     Lair:3 |    9089 |    2545 |  21.9 |      26 |       4 |  13.3
     Lair:4 |    3514 |    6911 |  66.3 |      12 |      16 |  57.1
     Lair:5 |   23974 |   10128 |  29.7 |      70 |      26 |  27.1
   Spider:1 |    8963 |       0 |   0.0 |      17 |       0 |   0.0
      Orc:1 |    1376 |       0 |   0.0 |      23 |       0 |   0.0
      Orc:2 |    1397 |    9591 |  87.3 |      21 |      54 |  72.0
            +---------+---------+-------+---------+---------+-------
